 Dungeon Crawl Stone Soup version 0.30-a0-269-gf0224bf7b6 (webtiles) character file.

Game seed: 2410143978247131344

829 ReploidZero the Shooter (level 7, -3/44 HPs)
             Began as a Tengu Hunter on Oct 15, 2022.
             Slain by a kobold brigand
             ... wielding a +1 dagger of speed
              (6 damage)
             ... on level 5 of the Dungeon.
             The game lasted 00:05:54 (3563 turns).

ReploidZero the Shooter (Tengu Hunter)              Turns: 3563, Time: 00:05:55

Health: -3/44      AC:  4    Str: 11    XL:     7   Next: 97%
Magic:  8/8        EV: 18    Int:  9    God:
Gold:   324        SH:  0    Dex: 20    Spells: 6/6 levels left

rFire   . . .      SeeInvis .    r - +1 arbalest
rCold   . . .      Faith    .    (shield currently unavailable)
rNeg    . . .      Spirit   .    c - +0 leather armour
rPois   .          Reflect  .    (helmet restricted)
rElec   .          Harm     .    s - +0 cloak
rCorr   .          Rampage  .    (no gloves)
Will    +....                    (boots unavailable)
Stlth   ++........               (no amulet)
HPRegen 0.27/turn                d - ring of willpower
MPRegen 0.11/turn                (no ring)

@: lethally poisoned (-3 -> -23), flying quickly and evasively, quick
A: beak, talons 3, nimble flight
a: no special abilities


You were on level 5 of the Dungeon.
You visited 1 branch of the dungeon, and saw 5 of its levels.

You collected 324 gold pieces.

Inventory:

Hand Weapons
 a - a +0 shortbow
 r - a +1 arbalest (weapon)
Missiles
 n - 3 boomerangs of dispersal
 y - 2 throwing nets
Armour
 c - a +0 leather armour (worn)
 s - a +0 cloak (worn)
Jewellery
 d - a ring of willpower (left hand)
 i - an amulet of regeneration
 o - a ring of wizardry
 u - a +6 ring of intelligence
 w - the ring of the Cast Vote {Ice Drain rCorr Str+5}
   (You found it on level 4 of the Dungeon)

   [ring of ice]

   It enhances your ice magic.
   Str:       It affects your strength (+5).
   rF:        It makes you vulnerable to fire.
   rC:        It protects you from cold.
   rCorr:     It protects you from acid and corrosion.
   Drain:     It drains your maximum health when unequipped.
 A - a ring of protection from cold
Wands
 p - a wand of mindburst (16)
 x - a wand of flame (27)
Scrolls
 b - a scroll of immolation
 f - a scroll of teleportation
 h - 4 scrolls of identify
 k - a scroll of fog
 l - 2 scrolls of enchant weapon
 q - a scroll of magic mapping
 z - a scroll of silence {unknown}
Potions
 e - a potion of berserk rage {unknown}
 g - 2 potions of invisibility {unknown}
 j - a potion of cancellation {unknown}
 m - a potion of degeneration {unknown}
 t - a potion of curing {unknown}
 v - 2 potions of heal wounds {unknown}
 B - a potion of attraction {unknown}


   Skills:
 + Level 5.3 Fighting
 + Level 7.0 Ranged Weapons
 + Level 5.8 Dodging
 - Level 1.0 Stealth


You had 6 spell levels left.
You didn't know any spells.
Your spell library contained the following spells:

 Spells                   Type           Power      Damage    Failure   Level
 Slow                     Hex            0%         N/A       47%         1
 Confusing Touch          Hex            0%         N/A       85%         3
 Vampiric Draining        Necr           0%         2d6       85%         3


Dungeon Overview and Level Annotations

Branches:
Dungeon (5/15)
 Temple: D:4-7

Altars:
Ashenzari
Sif Muna
Uskayaw

Shops:
D:4 (   D:5 *


Innate Abilities, Weirdness & Mutations

You have a beak for a mouth.
You have claws for feet.
Your magical nature lets you fly swiftly and evasively.


Message History

You shoot a bolt. The kobold brigand shouts!
The bolt hits the kobold.
You kill the kobold!
You shoot a bolt.
The bolt barely misses the kobold brigand.
The kobold brigand throws a poisoned dart.
The poisoned dart misses you.
You shoot a bolt. The bolt hits the kobold brigand.
The kobold brigand is lightly wounded.
You shoot a bolt.
The bolt hits the kobold brigand but does no damage.
The kobold brigand is lightly wounded.
The kobold brigand hits you with a +1 dagger of speed.
You shoot a bolt.
The bolt barely misses the kobold brigand.
The kobold brigand closely misses you.
The kobold brigand throws a poisoned dart.
The poisoned dart closely misses you.
The kobold brigand hits you with a +1 dagger of speed.
You shoot a bolt. The bolt hits the kobold brigand!
The kobold brigand is almost dead.
The kobold brigand hits you with a +1 dagger of speed.
The kobold brigand misses you.
The kobold brigand hits you with a +1 dagger of venom.
You are poisoned.
The kobold brigand completely misses you.
You shoot a bolt.
The bolt barely misses the kobold brigand.
You feel very sick.
The kobold brigand hits you with a +1 dagger of speed.
The kobold brigand hits you with a +1 dagger of venom.
* * * LOW HITPOINT WARNING * * *
The kobold brigand hits you with a +1 dagger of speed.
* * * LOW HITPOINT WARNING * * *
The kobold brigand hits you with a +1 dagger of venom.
* * * LOW HITPOINT WARNING * * *
You are more poisoned.
The kobold brigand hits you with a +1 dagger of speed.
You die...

..>...)... #.........
####### #.......# #.....#
## ##.......# #~###..
#..#..#....## #~~####
###......)...#..##~~##
#....##.K....#.K#≈~~~#
#..@K....#.K#≈≈~~#
##...)...#..#≈~~~#
#...#...#..##≈~## .. #
#.#####...#...## #~~# .#
.# #..............# ##~#
#.#..#######...#....#.##
#~#
##.#.###........#......~#
######
<....##....###..#......~#
#....#
.....#.....#....#....#~~#
####.#


You could see 2 kobold brigands.

Vanquished Creatures
  Grinder (D:3)
  A black bear (D:4)
  2 ogres (D:4)
  A phantom (D:4)
  A jelly (D:4)
  2 hounds
  Ijyb (D:3)
  2 gnolls
  9 adders
  2 worms (D:2)
  A dart slug (D:2)
  An orc (D:4)
  4 endoplasms
  3 giant cockroaches
  10 goblins
  2 hobgoblins
  4 jackals
  11 kobolds
  4 quokkas
  6 ball pythons
  5 bats
  3 frilled lizards
  4 rats
80 creatures vanquished.

Notes
Turn   | Place    | Note
-------+----------+-------------------------------------------
     0 | D:1      | ReploidZero the Tengu Hunter began the quest for the Orb.
     0 | D:1      | Reached XP level 1. HP: 12/12 MP: 2/2
   259 | D:1      | Reached XP level 2. HP: 17/17 MP: 3/3
   664 | D:2      | Reached XP level 3. HP: 20/22 MP: 4/4
   861 | D:2      | Found a faded altar of an unknown god.
  1019 | D:2      | Reached skill level 5 in Ranged Weapons
  1019 | D:2      | Reached XP level 4. HP: 27/27 MP: 5/5
  1519 | D:3      | Noticed Ijyb
  1537 | D:3      | Killed Ijyb
  1682 | D:3      | Found a shimmering blue altar of Sif Muna.
  1746 | D:3      | Gained mutation: Your magical nature lets you fly swiftly
                  | and evasively. [Tengu growth]
  1746 | D:3      | Reached XP level 5. HP: 30/32 MP: 6/6
  1799 | D:3      | Found a broken altar of Ashenzari.
  1921 | D:3      | Noticed Grinder
  1930 | D:3      | Killed Grinder
  1931 | D:3      | Reached XP level 6. HP: 38/38 MP: 7/7
  2182 | D:3      | Reached skill level 6 in Ranged Weapons
  2444 | D:4      | Reached XP level 7. HP: 44/44 MP: 8/8
  2490 | D:4      | Reached skill level 5 in Dodging
  2554 | D:4      | Found Zoebyjugh's Weapon Boutique.
  2675 | D:4      | Identified the ring of the Cast Vote {Ice Drain rCorr
                  | Str+5}
  2955 | D:4      | Found a hide-covered altar of Uskayaw.
  2967 | D:4      | Reached skill level 5 in Fighting
  3164 | D:5      | Entered Level 5 of the Dungeon
  3220 | D:5      | Reached skill level 7 in Ranged Weapons
  3318 | D:5      | Found Ysabiant's Fire Supplies.
  3563 | D:5      | Slain by a kobold brigand

Illustrated notes

Levels and vault maps discovered:
D:1:      psy_arrival_spokes, layout_loops_ring, serial_bayou,
          serial_bayou_lagoon_a, serial_bayou_pond_b, serial_bayou_pond_c,
          serial_bayou_pond_e, serial_bayou_pond_b, minmay_curled_crystal
D:2:      layout_loops_cross, shapermc_ecumenical_altar_notcrosses,
          minmay_between
D:3:      layout_basic, evilmike_ruin_ashenzari,
          mainiacjoe_overflow_small_starburst, uniq_grinder, uniq_ijyb
D:4:      layout_loops_ring, amcnicky_altar_gilded, serial_shops, shop,
          nrook_uturn, minmay_liquid_box
D:5:      cheibrodos_thug_alley, layout_rooms, fedhas_ov_isle_minmay,
          gammafunk_ghost_nasty_kobolds, nicolae_shop_fire_sale
          [nicolae_sub_dead_trees], hangedman_decor_clover_reticule,
          serial_bayou_crossing

Skill      XL: |  1  2  3  4  5  6  7 |
---------------+----------------------+-----
Dodging        | 3 4 5 |  5.8
Ranged Weapons | 5 6 7 |  7.0
Fighting       | 3 4 5 |  5.3
Stealth        | |  1.0

Action                   |  1- 3 |  4- 6 |  7- 9 || total
-------------------------+-------+-------+-------++-------
 Fire: Shortbow          |    72 |    37 |       ||   109
       Arbalest          |       |    47 |    79 ||   126
  Use: Scroll            |       |       |     8 ||     8
Armor: Leather armour    |    10 |     4 |     4 ||    18
Dodge: Dodged            |    25 |    48 |    39 ||   112

Table legend: (Time is in decaauts)
 A = Elapsed time spent in this place.
 B = Non-inter-level travel time spent in this place.
 C = Inter-level travel time spent in this place.
 D = Time resting spent in this place.
 E = Time spent auto-exploring this place.
 F = Levels seen in this place.
 G = Mean time per level.
                   A        B        C        D        E       F      G
               +--------+--------+--------+--------+--------+-----+--------+
         Total |   3543 |   3390 |    153 |      0 |   2822 |   5 |  708.6 |
       Dungeon |   3543 |   3390 |    153 |      0 |   2822 |   5 |  708.6 |
               +--------+--------+--------+--------+--------+-----+--------+

Top non-repeatable levels by time:
     D:3: 969 daAuts
     D:4: 796 daAuts
     D:2: 791 daAuts
     D:1: 660 daAuts
     D:5: 326 daAuts
